 Dungeon Crawl Stone Soup version 0.29-a0-42-g9fc6a9d (webtiles) character file.

Game seed: 9025791050178768366

177 Illumine the Magician (level 5, -6/35 HPs)
             Began as a Demonspawn Hedge Wizard on Feb 2, 2022.
             Killed from afar by a white imp (11 damage)
             ... with a puff of frost
             ... summoned by Natasha
             ... on level 3 of the Dungeon.
             The game lasted 00:08:46 (3816 turns).

Illumine the Magician (Demonspawn Hedge Wizard)     Turns: 3816, Time: 00:08:47

Health: -6/35      AC:  5    Str: 10    XL:     5   Next: 31%
Magic:  9/10       EV: 12    Int: 18    God:
Gold:   121        SH:  0    Dex: 12    Spells: 3/11 levels left

rFire   + . .      SeeInvis .   (no weapon)
rCold   . . .      Faith    .   (no shield)
rNeg    . . .      Spirit   .   b - +0 robe
rPois   .          Reflect  .   c - +0 hat
rElec   .          Harm     .   n - +0 cloak
rCorr   .          Rampage  .   (no gloves)
Will    .....                   (no boots)
Stlth   ++........              (no amulet)
HPRegen 0.11/turn               l - ring of protection from fire
MPRegen 0.24/turn               (no ring)

@: slowed, very slow
A: claws 1, yellow scales 1, magic regeneration
a: no special abilities


You were on level 3 of the Dungeon.
You visited 1 branch of the dungeon, and saw 3 of its levels.

You collected 121 gold pieces.

Inventory:

Hand Weapons
 a - a +0 dagger
Missiles
 d - 10 poisoned darts
 o - 2 datura-tipped darts
Armour
 b - a +0 robe (worn)
 c - a +0 hat (worn)
 i - an orb of wrath
 n - a +0 cloak (worn)
 q - a +2 tower shield
Jewellery
 l - a ring of protection from fire (left claw)
Scrolls
 e - a scroll of noise {unknown}
 f - a scroll of fear {unknown}
 g - 2 scrolls of magic mapping {unknown}
 j - a scroll of fog {unknown}
 k - a scroll of teleportation {unknown}
 s - 2 scrolls of amnesia {unknown}
 t - a scroll of immolation {unknown}
 u - a scroll of identify {unknown}
Potions
 h - 2 potions of lignification {unknown}
 m - a potion of heal wounds {unknown}
 p - a potion of curing
 r - a potion of flight {unknown}


   Skills:
 - Level 1.7 Dodging
 - Level 1.7 Stealth
 + Level 3.8 Spellcasting
 + Level 2.7 Conjurations
 + Level 2.6 Summonings
 + Level 1.9 Translocations
 + Level 0.5 Air Magic
 + Level 0.7 Poison Magic


You had 3 spell levels left.
You knew the following spells:

 Your Spells              Type           Power      Damage    Failure   Level
a - Magic Dart            Conj           52%        1d5       4%          1
b - Blink                 Tloc           20%        N/A       10%         2
c - Call Imp              Summ           12%        N/A       8%          2
d - Mephitic Cloud        Conj/Pois/Air  8%         N/A       26%         3

Your spell library contained the following spells:

 Spells                   Type           Power      Damage    Failure   Level
 Slow                     Hex            12%        N/A       16%         1
 Conjure Flame            Conj/Fire      8%         6-21      26%         3


Dungeon Overview and Level Annotations

Branches:
Dungeon (3/15)

Altars:
Zin

Shops:
D:2 !

Annotations:
D:3 Natasha


Innate Abilities, Weirdness & Mutations

You have sharp fingernails.
You are partially covered in yellow scales. (AC +2)
You regenerate magic rapidly.


Message History

The iron imp barely misses your shadow imp.
You barely miss the iron imp.
You claw the iron imp, but do no damage.
The iron imp is severely wounded.
Your shadow imp hits the iron imp.
You closely miss the iron imp.
The iron imp is almost dead.
Natasha casts a spell.
The iron imp hits you!
Your shadow imp hits the iron imp but does no damage.
You scratch the iron imp but do no damage.
The iron imp is almost dead.
The iron imp hits you.
Natasha mumbles some strange words.
Your shadow imp hits the iron imp.
Unknown command.
You closely miss the iron imp.
The iron imp is almost dead.
The iron imp hits you!
* * * LOW HITPOINT WARNING * * *
The crimson imp blinks!
Your shadow imp hits the iron imp.
The iron imp dies!
The iron imp disappears in a puff of smoke!
Casting: Call Imp (safe; 8% risk of failure)
Confirm with . or Enter, or press ? or * to list all spells.
Okay, then.
Casting: Call Imp (safe; 8% risk of failure)
Confirm with . or Enter, or press ? or * to list all spells.
Aiming: Magic Dart (safe; 4% risk of failure)
Press: ? - help, Shift-Dir - straight line, f - Natasha
Aim: Natasha (moderately wounded, ally target, 100% to hit)
The magic dart hits Natasha.
Natasha is moderately wounded.
Natasha casts a spell at you.
You feel yourself slow down.
The crimson imp blinks!
Your shadow imp hits the white imp but does no damage.
Unknown command.
The white imp gestures at you. The puff of frost hits you!
You die...

**,****** *,##* ,,,,,,,,*
*,#.#* **,****,** *,*#.#*
*,,,,,,,* *,**#.##
*,****,,*##.####.####
*,,,,,,,,......§...>#####
**,****,***######5#.#<##.##
,,,,,,,,* #.....5.....5.#
**,**,,** ##..@.....##.##
**,**,,******#.###§..###.#
**,,,,,,,,,,...* ##.## #.#
,,,,,,,****#######...###.#
**,,*,,* *,5.)...........#
**,**,,***,**#####...#####
**,**,,*,,,,,* *#.#.##
,,,**,,*,***,*###.###.##
*,,**,,,,* *,,,..#* ##.#


You could see a white imp (summoned) and a friendly shadow imp (summoned).

Vanquished Creatures
  Crazy Yiuf (D:2)
  Natasha (twice) (D:3)
  2 adders
  A dart slug (D:2)
  2 ball pythons
  2 endoplasms
  2 giant cockroaches (D:2)
  3 goblins
  7 hobgoblins
  2 kobolds
  4 bats
  6 frilled lizards
  A rat (D:2)
35 creatures vanquished.

Vanquished Creatures (collateral kills)
  2 adders
  2 worms
  3 dart slugs
  2 endoplasms (D:2)
  A giant cockroach (D:2)
  2 hobgoblins
  2 kobolds
  A quokka (D:3)
15 creatures vanquished.

Grand Total: 50 creatures vanquished

Notes
Turn   | Place    | Note
-------+----------+-------------------------------------------
     0 | D:1      | Illumine the Demonspawn Hedge Wizard began the quest for
                  | the Orb.
     0 | D:1      | Reached XP level 1. HP: 13/13 MP: 4/4
   159 | D:1      | Reached skill level 1 in Translocations
   520 | D:1      | Gained mutation: You have sharp fingernails. [demonic
                  | ancestry]
   520 | D:1      | Reached XP level 2. HP: 19/19 MP: 3/6
   860 | D:1      | Learned a level 2 spell: Blink
   863 | D:1      | Learned a level 2 spell: Call Imp
   889 | D:2      | Found Laggifol's Distillery.
  1205 | D:2      | Gained mutation: You are partially covered in yellow
                  | scales. (AC +2) [demonic ancestry]
  1205 | D:2      | Reached XP level 3. HP: 21/24 MP: 4/7
  2050 | D:2      | Found a faded altar of an unknown god.
  2145 | D:2      | Found a runed translucent door.
  2146 | D:2      | Noticed Crazy Yiuf
  2160 | D:2      | Killed Crazy Yiuf
  2161 | D:2      | Reached XP level 4. HP: 19/30 MP: 1/9
  2567 | D:3      | Noticed an ice beast
  3010 | D:3      | Learned a level 3 spell: Mephitic Cloud
  3132 | D:3      | Noticed Natasha
  3138 | D:3      | Killed Natasha
  3139 | D:3      | Gained mutation: You regenerate magic rapidly. [demonic
                  | ancestry]
  3139 | D:3      | Reached XP level 5. HP: 35/35 MP: 7/10
  3468 | D:3      | Noticed Natasha
  3483 | D:3      | Killed Natasha
  3794 | D:3      | Noticed Natasha
  3816 | D:3      | Killed from afar by a white imp

Illustrated notes

Levels and vault maps discovered:
D:1:      evilmike_arrival_home_sweet_home, layout_basic
D:2:      layout_basic, serial_shops, shop, nicolae_ecumenical_oubliette,
          basic_altar, minmay_box_of_dots, uniq_crazy_yiuf_cottage
D:3:      layout_loops_ring, uniq_natasha

Skill      XL: |  1  2  3 |
---------------+----------+-----
Translocations | 1 |  1.9
Conjurations   | 2 |  2.7
Summonings     | 2 |  2.6
Dodging        | |  1.7
Stealth        | |  1.7
Spellcasting   | |  3.8
Air Magic      | |  0.5
Poison Magic   | |  0.7

Action                   |  1- 3 |  4- 6 || total
-------------------------+-------+-------++-------
Melee: Unarmed           |    41 |    34 ||    75
       Punch             |     1 |     1 ||     2
 Cast: Magic Dart        |    51 |    20 ||    71
       Call Imp          |    12 |    10 ||    22
       Blink             |     2 |     3 ||     5
 Stab: Sleeping          |     1 |       ||     1
       Distracted        |       |     1 ||     1
Armor: Robe              |     7 |    10 ||    17
Dodge: Dodged            |    27 |    20 ||    47

Table legend: (Time is in decaauts)
 A = Elapsed time spent in this place.
 B = Non-inter-level travel time spent in this place.
 C = Inter-level travel time spent in this place.
 D = Time resting spent in this place.
 E = Time spent auto-exploring this place.
 F = Levels seen in this place.
 G = Mean time per level.
                   A        B        C        D        E       F      G
               +--------+--------+--------+--------+--------+-----+--------+
         Total |   3837 |   3795 |     42 |    761 |   2401 |   3 | 1279.0 |
       Dungeon |   3837 |   3795 |     42 |    761 |   2401 |   3 | 1279.0 |
               +--------+--------+--------+--------+--------+-----+--------+

Top non-repeatable levels by time:
     D:2: 1569 daAuts
     D:3: 1229 daAuts
     D:1: 1038 daAuts
